 Dungeon Crawl Stone Soup version 0.20-a0-1023-gc4d110f (webtiles) character file.

28579 Rrauwl the Basher (level 13, 0/80 HPs)
             Began as a Gargoyle Fighter on Apr 19, 2017.
             Was the Champion of Cheibriados.
             Slain by Rupert
             ... wielding a +5 great mace of holy wrath
              (23 damage)
             ... on level 5 of the Lair of Beasts.
             The game lasted 01:07:26 (14057 turns).

Rrauwl the Basher (Gargoyle Fighter)               Turns: 14057, Time: 01:07:27

Health: 0/80       AC: 23    Str: 39    XL:     13   Next: 39%
Magic:  8/16       EV: 15    Int: 26    God:    Cheibriados [******]
Gold:   987        SH: 15    Dex: 26    Spells: 9/12 levels left

rFire    + + .     SeeInvis .   a - +2 morningstar (protect)
rCold    + . .     Gourm    .   c - +1 shield
rNeg     + + +     Faith    .   R - +0 ring mail "Saizaf" {-Tele rF++ rN+++ rCorr}
rPois    ∞         Spirit   .   q - +0 helmet
rElec    +         Reflect  .   (no cloak)
rCorr    +         Harm     .   G - +0 pair of gloves
MR       .....     Clarity  +   T - +0 pair of boots Stlth +.........NoTele +
                                A - amulet of magic regeneration
Regen    0.3/turn               N - +3 ring of intelligence
MPRegen  0.3/turn               (no ring)

@: very slow
A: icy blue scales 1, rugged brown scales 1, clarity, cold resistance 1,
negative energy resistance 1, electricity resistance, unbreathing, petrification
resistance, rot immunity, AC +9
a: Bend Time, Temporal Distortion, Slouch, Step From Time, Renounce Religion


You were on level 5 of the Lair of Beasts.
You worshipped Cheibriados.
Cheibriados was exalted by your worship.
You were not hungry.

You visited 3 branches of the dungeon, and saw 16 of its levels.
You also visited: Labyrinth and Ossuary.

You collected 1143 gold pieces.
You spent 156 gold pieces at shops.

Inventory:

Hand Weapons
 a - a +2 morningstar of protection (weapon)
 b - a +2 hand crossbow
Missiles
 j - 138 bolts
Armour
 c - a +1 shield (worn)
 q - a +0 helmet (worn)
 G - a +0 pair of gloves (worn)
 R - the +0 ring mail "Saizaf" (worn) {-Tele rF++ rN+++ rCorr}
   (You found it on level 2 of the Lair of Beasts)

   It greatly protects you from fire.
   It renders you almost immune to negative energy.
   It prevents most forms of teleportation.
   It protects you from acid and corrosion.
 T - a +0 pair of boots (worn)
Jewellery
 A - an amulet of magic regeneration (around neck)
 N - a +3 ring of intelligence (left hand)
Wands
 o - a wand of confusion (20/48)
 x - a wand of iceblast (9/15)
 B - a wand of digging (11/24)
 C - a wand of acid (5/15)
 D - a wand of confusion (22/48)
 E - a wand of scattershot (5/9)
Scrolls
 e - 5 scrolls of blinking
 i - 4 scrolls of identify
 k - 5 scrolls of remove curse
 n - 3 scrolls of enchant armour
 r - 2 scrolls of teleportation
 u - 2 scrolls of magic mapping
 w - 5 scrolls of fog
 y - a scroll of recharging
Potions
 d - a potion of might
 l - 4 potions of flight
 m - a potion of resistance
 p - a potion of agility
 s - 2 potions of ambrosia
 v - 7 potions of curing
 z - a potion of invisibility
 S - a potion of heal wounds
Miscellaneous
 Q - a sack of spiders
Comestibles
 f - 6 chunks of flesh
 g - a meat ration
 h - 14 royal jellies
 t - a bread ration


   Skills:
 + Level 8.3 Fighting
 + Level 13.8 Maces & Flails
 - Level 10.1 Crossbows
 - Level 8.0 Armour
 - Level 5.0 Dodging
 - Level 8.0 Shields
 - Level 5.0 Invocations
 + Level 3.1 Evocations


You had 9 spell levels left.
You knew the following spells:

 Your Spells              Type           Power        Failure   Level  Hunger
a - Stone Arrow           Conj/Erth      #.....       75%         3    ####...


Dungeon Overview and Level Annotations

Branches:
Dungeon (10/15)            Temple (1/1) D:5            Lair (5/6) D:10
  Swamp (0/4) Lair:2        Snake (0/4) Lair:2
  Slime: Lair:5-6       Orc: D:9-12

Altars:
Ashenzari
Cheibriados
Dithmenos
Elyvilon
Fedhas
Gozag
Hepliaklqana
Kikubaaqudgha
Makhleb
Nemelex Xobeh
Okawaru
Qazlal
Ru
Sif Muna
Trog
Uskayaw
Vehumet
Wu Jian
Xom
Yredelemnul
Zin
The Shining One

Shops:
D:4 *   D:7 [

Annotations:
D:3 exclusion: oklob plant
Lair:5 Rupert


Innate Abilities, Weirdness & Mutations

You are resistant to torment.
Your stone body is resilient. (AC +9)
You are immune to poison.
You resist negative energy. (rN+)
You are resistant to electric shocks. (rElec)
You can survive without breathing.
You are immune to petrification.
You are immune to rotting.
You are partially covered in icy blue scales. (AC +2)
You are partially covered in rugged brown scales. (AC +1, +3% HP)
You possess an exceptional clarity of mind.
Your flesh is cold resistant. (rC+)


Message History

Aiming: Corrosive Bolt
Press: ? - help, Shift-Dir - straight line, f/p - Rupert
Aim: Rupert, wielding a great mace of holy wrath and wearing a ring mail (lightly wounded)
The bolt of acid hits Rupert.
Rupert is splashed with acid.
The acid corrodes Rupert!
Rupert is moderately wounded.
This wand has 5 charges left.
Rupert roars madly and goes into a rage!
Rupert goes berserk!
A komodo dragon comes into view.
Eat one of 7 chunks of flesh? (ye/n/q)
You eat one of the 7 chunks of flesh.
This raw flesh tastes terrible.
You can feel time thicken for a moment.
You feel somewhat more hungry.
The komodo dragon hisses angrily.
Rupert hits you with a great mace of holy wrath!!
Rupert hits you with a great mace of holy wrath!!!
* * * LOW HITPOINT WARNING * * *
Okay, then.
Rupert hits you with a great mace of holy wrath!!
You die...

...##.<......#.#...
......†.#.#.#......P
.P......##.#.≈≈≈....
........###.≈≈≈≈≈≈).
.........#..≈≈≈≈≈≈..
....##..#...≈≈≈≈≈≈..
.P.. ##D......≈≈≈≈≈.
P?..##.@##..<.≈≈≈≈≈.
....(.P@#....≈≈≈≈≈≈.
..(.#....#...≈≈≈≈≈≈.
......(.......≈≈≈≈..
........P......≈≈..
#.(............≈≈.
..l.P.....P#.#..#
......#...####
..........#


You could see Rupert (berserk), a seven-headed hydra and a komodo dragon.

Vanquished Creatures
  A minotaur (Lab)
  Fannar (D:10)
  4 hydras
  The ghost of zhorgal the Grappler, a novice TrMo of Uskayaw (Lair:1)
  2 black mambas
  A torpor snail (Lair:4)
  A gargoyle (D:10)
  A rime drake (Lair:3)
  6 spiny frogs
  3 komodo dragons
  2 trolls (D:9)
  3 hornets (D:8)
  5 blink frogs (Lair:1)
  6 hippogriffs
  4 wyverns
  Eustachio (D:6)
  A basilisk (Lair:3)
  28 yaks
  2 hungry ghosts (D:7)
  A steam dragon (D:10)
  A soldier ant (D:8)
  4 nagas (Lair:2)
  6 water moccasins
  3 porcupines
  Duvessa (D:6)
  A hornet zombie (D:9)
  5 ice beasts
  3 sky beasts
  2 black bears
  2 orc warriors
  2 ogres
  A phantom (D:6)
  A necrophage (D:10)
  8 wolves
  5 centaurs
  9 crocodiles
  19 bullfrogs
  2 big kobolds (D:10)
  The ghost of M4edhros the Ruffian, an amateur VSTm of Cheibriados (D:4)
  Dowan (D:6)
  A wyvern skeleton (D:3)
  3 scorpions
  68 killer bees
  An electric eel (Lair:3)
  8 wights
  2 howler monkeys
  A bullfrog zombie (D:9)
  4 crimson imps
  2 quasits
  2 human zombies
  2 jellies
  2 bullfrog skeletons
  7 orc priests
  4 hounds
  3 human skeletons (D:7)
  2 iguanas
  3 orc wizards
  Natasha (thrice) (D:4)
  10 worker ants
  2 big kobold zombies (Ossuary)
  3 hound skeletons
  2 mummies (Ossuary)
  7 gnolls
  15 adders
  A howler monkey skeleton (D:4)
  4 shadow imps
  3 adder skeletons
  8 worms
  A dart slug (D:1)
  5 leopard geckos
  39 orcs
  A ball python (D:4)
  7 bats
  2 giant cockroaches
  2 gnoll zombies (Ossuary)
  9 goblins
  9 hobgoblins
  5 jackals
  3 quokkas
  4 frilled lizards
  A goblin zombie (Ossuary)
  3 hobgoblin zombies (Ossuary)
  A jackal skeleton (D:4)
  19 kobolds
  A leopard gecko skeleton (D:7)
  An orc skeleton (D:7)
  6 orc zombies
  A quokka zombie (D:5)
  3 rats
447 creatures vanquished.

Vanquished Creatures (others)
  13 plants (D:10)
  4 toadstools (D:1)
17 creatures vanquished.

Grand Total: 464 creatures vanquished

Notes
Turn   | Place    | Note
-------+----------+-------------------------------------------
     0 | D:1      | Rrauwl the Gargoyle Fighter began the quest for the Orb.
     0 | D:1      | Reached XP level 1. HP: 14/14 MP: 1/1
   507 | D:1      | Reached XP level 2. HP: 19/19 MP: 2/2
   686 | D:2      | Reached skill level 3 in Maces & Flails
   759 | D:2      | Found a faded altar of an unknown god.
   761 | D:2      | Became a worshipper of Cheibriados the Contemplative
   761 | D:2      | Reached * piety under Cheibriados
   820 | D:2      | Reached XP level 3. HP: 19/23 MP: 3/3
   968 | D:2      | Found a shimmering altar of Xom.
  1074 | D:2      | Reached skill level 4 in Maces & Flails
  1210 | D:2      | Reached XP level 4. HP: 28/28 MP: 4/4
  1736 | D:3      | Reached skill level 5 in Maces & Flails
  1736 | D:3      | Reached XP level 5. HP: 32/32 MP: 5/5
  1860 | D:3      | Reached ** piety under Cheibriados
  2258 | D:3      | Found a blossoming altar of Fedhas.
  2278 | D:3      | Noticed an oklob plant
  2422 | D:3      | Found an opulent altar of Gozag.
  2565 | D:3      | Reached skill level 6 in Maces & Flails
  2639 | D:3      | Reached XP level 6. HP: 35/37 MP: 6/6
  2755 | D:4      | Noticed M4edhros's ghost (amateur VSTm)
  2755 | D:4      | Gained mutation: Your flesh is cold resistant. (rC+) [potion of mutation]
  2755 | D:4      | Gained mutation: You are partially covered in rugged brown scales. (AC +1, +3% HP) [potion of mutation]
  2755 | D:4      | Gained mutation: You are partially covered in icy blue scales. (AC +2) [potion of mutation]
  2755 | D:4      | Gained mutation: You possess an exceptional clarity of mind. [potion of mutation]
  2763 | D:4      | Killed M4edhros's ghost
  2765 | D:4      | Found a sacrificial altar of Ru.
  2775 | D:4      | Found a deep blue altar of Sif Muna.
  2780 | D:4      | Found a snail-covered altar of Cheibriados.
  2783 | D:4      | Found a hide-covered altar of Uskayaw.
  2814 | D:4      | Reached *** piety under Cheibriados
  2834 | D:4      | Reached skill level 7 in Maces & Flails
  2986 | D:4      | Found Vughicseobb's Assorted Antiques.
  2991 | D:4      | Noticed Natasha
  3016 | D:4      | Killed Natasha
  3016 | D:4      | Reached XP level 7. HP: 37/42 MP: 7/7
  3043 | D:4      | Bought a scroll labeled FIAXKEL NUSOFA for 24 gold pieces
  3043 | D:4      | Bought a scroll labeled UMOASKAZOU for 24 gold pieces
  3043 | D:4      | Bought a hand crossbow for 84 gold pieces
  3043 | D:4      | Bought a scroll labeled JOZENK NACS for 24 gold pieces
  3053 | D:4      | Noticed Natasha
  3060 | D:4      | Killed Natasha
  3102 | D:4      | Reached skill level 1 in Crossbows
  3216 | D:4      | Noticed Natasha
  3224 | D:4      | Killed Natasha
  3408 | D:5      | Entered Level 5 of the Dungeon
  3412 | D:5      | Reached **** piety under Cheibriados
  3458 | D:5      | Reached skill level 8 in Maces & Flails
  3553 | D:5      | Reached XP level 8. HP: 32/47 MP: 8/8
  3743 | D:5      | Found a glowing golden altar of the Shining One.
  3991 | D:5      | Found a staircase to the Ecumenical Temple.
  4016 | Temple   | Entered the Ecumenical Temple
  4798 | D:6      | Reached skill level 9 in Maces & Flails
  4859 | D:6      | Noticed Eustachio
  4878 | D:6      | Killed Eustachio
  4878 | D:6      | Reached skill level 5 in Crossbows
  5064 | D:6      | Found a bloodstained altar of Trog.
  5099 | D:6      | Found an iron altar of Okawaru.
  5154 | D:6      | Reached ***** piety under Cheibriados
  5154 | D:6      | Reached XP level 9. HP: 47/52 MP: 9/9
  5194 | D:6      | Found a shattered altar of Ashenzari.
  5246 | D:6      | Noticed Duvessa
  5246 | D:6      | Noticed Dowan
  5263 | D:6      | Killed Duvessa
  5265 | D:6      | Killed Dowan
  5265 | D:6      | Reached skill level 10 in Maces & Flails
  5518 | D:6      | Learned a level 3 spell: Stone Arrow
  5715 | D:7      | Found Sesuipek's Antique Armour Boutique.
  5811 | D:7      | Found a sand-covered staircase.
  5824 | Ossuary  | Entered an ossuary
  6341 | D:7      | Reached skill level 11 in Maces & Flails
  6349 | D:7      | Reached XP level 10. HP: 57/57 MP: 10/10
  6554 | D:8      | Reached skill level 1 in Invocations
  6584 | D:8      | Reached skill level 1 in Evocations
  6772 | D:8      | Reached ****** piety under Cheibriados
  7610 | D:9      | Found a basalt altar of Yredelemnul.
  7758 | D:9      | Reached skill level 5 in Invocations
  7758 | D:9      | Reached XP level 11. HP: 46/61 MP: 14/14
  8324 | D:10     | Entered Level 10 of the Dungeon
  8324 | D:10     | Noticed Fannar
  8370 | D:10     | Got a jewelled spear
  8374 | D:10     | Identified the cursed +1 spear "Ogreslayer" {vamp, +Blink MR++ Str-5 Int+3} (You found it on level 10 of the Dungeon)
  8434 | D:10     | Reached skill level 12 in Maces & Flails
  8568 | D:10     | Noticed a five-headed hydra
  8575 | D:10     | Killed a five-headed hydra
  8575 | D:10     | Reached skill level 10 in Crossbows
  8890 | D:10     | Reached skill level 1 in Dodging
  8983 | D:10     | Killed Fannar
  8997 | D:10     | Found a staircase to the Lair.
  9423 | Lair:1   | Entered Level 1 of the Lair of Beasts
  9465 | Lair:1   | Noticed zhorgal's ghost (novice TrMo)
  9474 | Lair:1   | Killed zhorgal's ghost
  9533 | Lair:1   | Reached skill level 5 in Fighting
  9541 | Lair:1   | Reached skill level 5 in Armour
  9594 | Lair:1   | Reached skill level 5 in Shields
  9609 | Lair:1   | Reached XP level 12. HP: 42/70 MP: 15/15
  9708 | Lair:1   | Found a labyrinth entrance.
  9715 | Lab      | Entered a labyrinth
 10265 | Lab      | Noticed a minotaur
 10272 | Lab      | Killed a minotaur
 11039 | Lair:1   | Reached skill level 13 in Maces & Flails
 11297 | Lair:2   | Found a staircase to the Snake Pit.
 11335 | Lair:2   | Found a staircase to the Swamp.
 11503 | Lair:2   | Got an ancient ring mail
 11514 | Lair:2   | Identified the +0 ring mail "Saizaf" {-Tele rF++ rN+++ rCorr} (You found it on level 2 of the Lair of Beasts)
 11802 | Lair:2   | Noticed a four-headed hydra
 11821 | Lair:2   | Killed a four-headed hydra
 12304 | Lair:3   | Noticed a six-headed hydra
 12317 | Lair:3   | Killed a six-headed hydra
 13135 | Lair:1   | Reached XP level 13. HP: 78/78 MP: 16/16
 13348 | Lair:4   | Reached skill level 5 in Dodging
 14048 | Lair:5   | Noticed Rupert
 14057 | Lair:5   | Slain by Rupert

Vault maps used:
D:1:      ldierk_water_garden
D:2:      nicolae_overflow_crystal_walls, chequers_ecumenical_altar_twisty,
          kennysheep_doodads, bh_walls_and_bars
D:3:      tgw_fedhas, nicolae_overflow_hidden_temple
D:4:      grunt_temple_overflow_cloverleaf, serial_shops, shop, first_bread,
          uniq_natasha
D:5:      minmay_temple_entry_enclosed_plants, serial_bayou,
          serial_bayou_pond_d, serial_bayou_shore_a, serial_bayou_ford_a,
          serial_bayou_lagoon_b, tso_metal_star
D:6:      nicolae_ashenzari_panopticon, kennysheep_mini_moat,
          lemuel_round_altar, minivault_19, nrook_mini_vaults, uniq_duvessa,
          uniq_eustachio
D:7:      nicolae_ossuary_entry_catacombs, serial_shops, shop
D:8:      hangedman_pestilent_swarm, kennysheep_generic_room_10
D:9:      lemuel_crystal_altar
D:10:     dpeg_oklobed_lair, uniq_fannar
Temple:   jpeg_temple_clearing
Lair:1:   wad_woods_minihive, lab_entry_generic
Lair:2:   swamp_mist, minmay_snake_entry_guardpost_medium
Lair:3:   nicolae_quartered_pool_little, grunt_megastairs_1, lemuel_fruit_tree,
          serial_bayou_shore_b
Lair:5:   dpeg_slime_entry_corner, infiniplex_staircase_pool,
          grunt_megastairs_3, uniq_rupert
Lab:      nicolae_lab_plus, labyrinth_skeletal_remains
Ossuary:  minmay_ossuary_gauntlet

Skill      XL: |  1  2  3  4  5  6  7  8  9 10 11 12 13 |
---------------+----------------------------------------+-----
Maces & Flails | 3 4 5 6 7 8 9 11 12 13 | 13.8
Crossbows      | 3 5 8 9 10 | 10.1
Invocations    | 5 |  5.0
Evocations     | 3 |  3.1
Dodging        | 3 4 5 |  5.0
Fighting       | 5 7 8 |  8.3
Armour         | 5 7 8 |  8.0
Shields        | 5 7 8 |  8.0

Action                   |  1- 3 |  4- 6 |  7- 9 | 10-12 | 13-15 || total
-------------------------+-------+-------+-------+-------+-------++-------
Melee: Flail             |    71 |   222 |   214 |       |       ||   507
       Morningstar       |       |       |   151 |   776 |   135 ||  1062
 Fire: Hand crossbow     |       |       |    85 |    30 |    79 ||   194
Invok: Slouch            |       |       |       |     4 |     1 ||     5
       Bend Time         |       |       |       |     2 |       ||     2
       Temporal Distorti |       |       |       |       |     1 ||     1
Evoke: Wand              |       |       |       |     6 |     1 ||     7
  Use: Potion            |       |     4 |     1 |     2 |       ||     7
       Scroll            |       |       |    16 |    12 |     4 ||    32
 Stab: Sleeping          |       |       |       |     1 |       ||     1
  Eat: Chunk             |       |     3 |     3 |     7 |     1 ||    14
       Fruit             |       |       |     2 |     2 |       ||     4
       Bread ration      |       |       |     1 |     2 |       ||     3
       Meat ration       |       |       |     1 |       |       ||     1
       Royal jelly       |       |       |       |     1 |       ||     1
Armor: Scale mail        |     5 |       |       |    80 |       ||    85
       Chain mail        |    23 |   114 |   203 |   250 |       ||   590
       Ring mail         |       |       |       |    46 |    35 ||    81
Dodge: Dodged            |    12 |    46 |    85 |   271 |    56 ||   470
Block: Shield            |    30 |   126 |   241 |   644 |    94 ||  1135
